Cogmind - Beta 15 @@@ ROGUE MODE // 2025.07.03 @ 20:20:24 Player: Johnny5001 Result: Destroyed by YI-UF0 with YI-UF0's Doublenader Performance ------------- Evolutions (0) 0 Regions Visited (2) 400 Robots Destroyed (9) 45 Value Destroyed (101) 101 Prototype IDs (1) 20 Alien Tech Used (0) 0 Bonus (-78) -78 TOTAL SCORE: 488 Bonus ------- Friendly Fire -78 Cogmind --------- Core Integrity 0/250 Matter 6/300 Energy 98/100 System Corruption 0% Temperature Cool (1) Movement Walking (120) Location -10/Mines Parts ------- > --- POWER (1) -------- (None) > --- PROPULSION (2) --- Aluminum Leg > --- UTILITY (2) ------ Medium Storage Unit Targeting Computer > --- WEAPON (2) ------- (None) > --- INVENTORY (10) --- Light Ion Engine Large Storage Unit High-capacity Matter Pod (0) Experimental Sensor Array Signal Interpreter Seismic Detector Peak State ------------ > --- POWER ------------ Ion Engine > --- PROPULSION ------- Aluminum Leg Aluminum Leg > --- UTILITY ---------- Medium Storage Unit Experimental Sensor Array > --- WEAPON ----------- Assault Rifle Light Cannon > --- INVENTORY -------- Light Ion Engine Aluminum Leg Aluminum Leg Large Storage Unit High-capacity Matter Pod Signal Interpreter Seismic Detector Targeting Computer Assault Rifle Grenade Launcher [Rating: 16] Favorites ----------- Power Ion Engine Engine Ion Engine Propulsion Aluminum Leg Leg Aluminum Leg Wheel Wheel Utility Medium Storage Unit Device Seismic Detector Storage Medium Storage Unit Processor Targeting Computer Protection Power Shielding Weapon Assault Rifle Energy Gun Small Laser Ballistic Gun Assault Rifle Ballistic Cannon Light Cannon Launcher Grenade Launcher Special Weapon Mining Laser Build | -11 -10 -10 ------- Run | Yrd Mat Min Slots Evolved . | . . . Power . | . . . Propulsion . | . . . Utility . | . . . Weapon . | . . . Parts Attached 23 | 11 6 6 Power 2 | 2 . . Engine 2 | 2 . . Core . | . . . Reactor . | . . . Propulsion 5 | 3 . 2 Treads . | . . . Leg 4 | 2 . 2 Wheel 1 | 1 . . Hover . | . . . Flight . | . . . Utility 8 | 3 3 2 Device 4 | 3 . 1 Storage 2 | . 2 . Processor 1 | . . 1 Hackware . | . . . Protection 1 | . 1 . Artifact . | . . . Weapon 8 | 3 3 2 Energy Gun 2 | 1 1 . Energy Cannon . | . . . Ballistic Gun 2 | 2 . . Ballistic Cannon 1 | . . 1 Launcher 2 | . 1 1 Special Weapon 1 | . 1 . Impact Weapon . | . . . Slashing Weapon . | . . . Piercing Weapon . | . . . Special Melee Weapon . | . . . Unidentified Prototypes 1 | . . 1 Parts Lost 8 | . . 8 Power 1 | . . 1 Propulsion 3 | . . 3 Utility . | . . . Weapon 4 | . . 4 Highest Loss Streak 8 | . . 8 To Critical Strikes . | . . . Average Backups 7 | 2 8 9 Power . | . 1 1 Propulsion 1 | 1 2 1 Utility 2 | . 2 4 Weapon 2 | . 2 2 Tool/Special . | . . . Unused Backups 5 | 1 . 4 Power . | . . . Propulsion 1 | 1 . . Utility 4 | . . 4 Weapon . | . . . Tool/Special . | . . . Average Slot Usage (%) 97 | . 98 93 Engine 13 | . 14 11 Leg 27 | . 28 26 Device 13 | . 13 12 Storage 13 | . 13 14 Ballistic Gun 23 | . 26 18 Ballistic Cannon 1 | . . 6 Special Weapon 1 | . 1 . Peak Build Rating 16 | 9 8 16 Average Rating 6 | 5 7 7 On Entrance 5 | . 7 8 Naked Turns . | . . . Heaviest Build 21 | 11 20 21 Greatest Support 20 | 20 20 20 Greatest Overweight (x) 1 | . . 1 Average Overweight (x) . | . . . Largest Inventory Capacity 10 | 5 10 10 Average Capacity 8 | 5 9 10 Most Carried 10 | 5 10 10 Average Carried 7 | 2 8 9 Final Capacity 10 | 5 10 10 Final Carried 10 | 5 10 6 Class Distribution -------------------- 100% | Mutant Dominant Class ---------------- Mutant | -10/Materials Mutant | -10/Mines Resources | -11 -10 -10 ----------- Run | Yrd Mat Min Matter Collected 424 | 356 13 55 Remotely . | . . . Salvage Created 113 | 85 28 . Parts 16 | 12 4 . Haulers Intercepted . | . . . Recyclers Shooed . | . . . Parts Field Recycled . | . . . Retrieved Matter . | . . . Parts Self-Destructed . | . . . Prevented . | . . . Kills | -11 -10 -10 ------- Run | Yrd Mat Min Combat Hostiles Destroyed 4 | 1 3 . Guns 1 | 1 . . AOE 3 | . 3 . Classes Destroyed 5 | 3 1 1 Worker 1 | 1 . . Builder 1 | . . 1 Tunneler 3 | 2 1 . Swarmer 3 | . 3 . Grunt 1 | 1 . . Best Kill Streak 4 | 2 4 1 Combat Bots Only 3 | 1 3 . Max Kills in Single Turn 2 | 1 2 1 Gunslinging . | . . . Exploded 2 | . 2 . Melee . | . . . Uniques/NPCs Destroyed . | . . . Combat | -11 -10 -10 -------- Run | Yrd Mat Min Hostile Shots Fired 52 | 1 7 44 Missed 16 | 1 1 14 Hits 36 | . 6 30 Projectile 36 | . 6 30 AOE 37 | . . 37 Damage Taken 1149 | . 54 1095 Core 265 | . 17 248 Absorbed by Shields . | . . . Core Remaining (%) 100 | 100 . . Volleys Fired 38 | 6 17 15 Largest 2 | 2 2 2 Hottest 100 | 40 100 50 Shots Fired 61 | 12 24 25 Gun 36 | 12 14 10 Cannon 10 | . . 10 Launcher 8 | . 3 5 Special 7 | . 7 . Kinetic 46 | 12 14 20 Thermal 7 | . 7 . Explosive 8 | . 3 5 Electromagnetic . | . . . Robot Hit Streak 6 | 4 5 6 Robot Miss Streak 4 | 2 1 4 Penetration Max . | . . . Secondary Targets . | . . . Shots Hit Robots 31 | 7 8 16 Core Hits 16 | 5 5 6 Critical Kills . | . . . Critical Parts Destroyed . | . . . Critical Strikes . | . . . Melee Attacks . | . . . Impact . | . . . Slashing . | . . . Piercing . | . . . Sneak Attacks . | . . . Combat Hostiles . | . . . Follow-up Attacks . | . . . Damage Inflicted 722 | 77 318 327 Guns 245 | 77 99 69 Cannons 112 | . . 112 Explosions 365 | . 219 146 Melee . | . . . Ramming . | . . . Kinetic 357 | 77 99 181 Thermal . | . . . Explosive 365 | . 219 146 Electromagnetic . | . . . Impact . | . . . Slashing . | . . . Piercing . | . . . Highest Corruption . | . . . Average Corruption . | . . . Corruption Purged . | . . . Corruption Blocked . | . . . Overload Shots . | . . . Overflow Damage 1 | . . 1 Projectiles . | . . . Explosions 1 | . . 1 Melee . | . . . Knockbacks 5 | . . 5 Impact . | . . . Kinetic 5 | . . 5 Secondary . | . . . Self-Inflicted Damage 3 | . . 3 Shots 1 | . . 1 Rammed . | . . . Targets Rammed . | . . . Kicked . | . . . Crushed . | . . . Highest Temperature 60 | . 60 . Average Temperature 22 | . 22 . Received Heat Transfer . | . . . Siege Activations . | . . . Martial Activations . | . . . Shielding Activations . | . . . Robots Disrupted . | . . . Combat Hostiles . | . . . Robots Corrupted . | . . . Combat Hostiles . | . . . Parts Fried . | . . . Impact Corruptions . | . . . Robots Melted . | . . . Combat Hostiles . | . . . Parts Melted . | . . . Heat Transferred . | . . . Parts Sabotaged . | . . . Parts Stolen . | . . . Parts Stripped . | . . . Power Chain Reactions . | . . . Alert | -11 -10 -10 ------- Run | Yrd Mat Min Maximum Alert Level . | . . . Low Security (%) 100 | 100 100 100 Level 1 . | . . . Level 2 . | . . . Level 3 . | . . . Level 4 . | . . . Level 5 . | . . . High Security . | . . . Max Security . | . . . Peak Influence 89 | 20 89 4 Initial . | . . . Average 12 | 3 21 . Influence Increases 168 | 36 116 16 Destroy 0b10 Robot/C 80 | 20 60 . Destroy 0b10 Robot/NC 25 | 15 5 5 Destroy Leader 10 | . 10 . Successful Hack 7 | . 7 . Disable Machine 15 | . 15 . Destroy Structure 31 | 1 19 11 Influence Decreases 168 | 35 117 16 Entered New Map 1 | . 1 . Time Decay 161 | 35 116 10 Lost Part 6 | . . 6 Squads Dispatched . | . . . Investigation . | . . . Extermination . | . . . Reinforcement . | . . . Assault . | . . . Garrison . | . . . Intercept . | . . . Searches Triggered . | . . . Construction Impeded . | . . . Haulers Reinforced . | . . . Active Scanning Responses . | . . . Cargo Convoy Interrupts . | . . . Stealth | -11 -10 -10 --------- Run | Yrd Mat Min Distress Signals . | . . . Communications Jammed . | . . . Distress Signals . | . . . Times Spotted 11 | 1 9 1 Peak Tracking Total 5 | 1 5 1 Tactical Retreats . | . . . Traps | -11 -10 -10 ------- Run | Yrd Mat Min Traps Triggered . | . . . Indirectly . | . . . Trap Hack Attempts . | . . . Triggered . | . . . Disarmed . | . . . Reprogrammed . | . . . Reused . | . . . Traps Extracted . | . . . Installed . | . . . Triggered . | . . . Machines | -11 -10 -10 ---------- Run | Yrd Mat Min Machines Disabled 1 | . 1 . Max in Single Turn 1 | . 1 . Machines Repaired . | . . . Machines Dismantled . | . . . Machines Sabotaged . | . . . Overloaded Fab Kills . | . . . Hacking | -11 -10 -10 --------- Run | Yrd Mat Min Machines Accessed 3 | . 3 . Terminals 3 | . 3 . Fabricators . | . . . Repair Stations . | . . . Recycling Units . | . . . Scanalyzers . | . . . Garrison Access . | . . . Total Hacks 12 | . 12 . Successful 8 | . 8 . Failed 4 | . 4 . Catastrophic . | . . . Database Lockouts . | . . . Manual 6 | . 6 . Terminals 12 | . 12 . Fabricators . | . . . Repair Stations . | . . . Recycling Units . | . . . Scanalyzers . | . . . Garrison Access . | . . . Terminal Hacks 6 | . 6 . Record 4 | . 4 . Terminal Index 1 | . 1 . Locate Traps 1 | . 1 . Fabricator Hacks . | . . . Repair Station Hacks . | . . . Recycling Unit Hacks . | . . . Scanalyzer . | . . . Garrison Access Hacks . | . . . Unauthorized Hacks 2 | . 2 . Terminals 2 | . 2 . Botnet 2 | . 2 . Fabricators . | . . . Repair Stations . | . . . Recycling Units . | . . . Scanalyzers . | . . . Garrison Access . | . . . Data Cores Recovered . | . . . Used . | . . . Hacking Detections 3 | . 3 . Full Trace Events . | . . . Feedback Events . | . . . Feedback Blocked . | . . . Robot Schematics Acquired . | . . . Robots Built . | . . . Authchips . | . . . Time . | . . . Total Robot Build Rating . | . . . Part Schematics Acquired . | . . . Parts Built . | . . . Authchips . | . . . Time . | . . . Total Part Build Rating . | . . . Parts Repaired . | . . . Time . | . . . Parts Recycled . | . . . Recycled Matter . | . . . Retrieved Matter . | . . . Retrieved Components . | . . . Parts Scanalyzed . | . . . Part Schematics Acquired . | . . . Parts Damaged . | . . . Bothacking | -11 -10 -10 ------------ Run | Yrd Mat Min Used RIF Installer . | . . . Robots Hacked . | . . . Non-combat . | . . . Combat . | . . . Robot Hacks Applied . | . . . Relay Couplers Released . | . . . Fabnet Peak Effective % . | . . . Robots Rewired . | . . . Allies Hacked . | . . . Hacks Repelled . | . . . Allies | -11 -10 -10 -------- Run | Yrd Mat Min Total Allies . | . . . Largest Group . | . . . Highest-Rated Group . | . . . Highest-Rated Ally . | . . . Total Orders . | . . . Ally Attacks . | . . . Total Damage . | . . . Kills . | . . . Allies Corrupted . | . . . Allies Melted . | . . . Intel | -11 -10 -10 ------- Run | Yrd Mat Min Active Infowar (turns) 550 | 34 369 147 Sensors 1 | . . 1 Terrain 23 | 23 . . Seismic 526 | 11 369 146 Robot Analysis Total . | . . . Derelict Logs Recovered . | . . . Drone Launches . | . . . Drone Recoveries . | . . . Exploration | -11 -10 -10 ------------- Run | Yrd Mat Min Turns Passed 735 | 154 410 171 Spaces Moved 435 | 94 260 81 Core 16 | 16 . . Treads . | . . . Legs 419 | 78 260 81 Wheels . | . . . Hover . | . . . Flight . | . . . Fastest Speed 50 | 50 120 120 Average Speed 121 | 108 120 140 Slowest Speed 190 | 120 120 190 Overloaded Moves . | . . . Propulsion Burnouts . | . . . Robots Hopped . | . . . Potential Cave-ins . | . . . Cave-ins Triggered . | . . . Exploration Rate (%) 26 | 7 42 31 Regions Visited 2 Branch Regions 1 Pre-discovered Areas . | . . . Known Exits Taken . | . . . Unknown Exits Taken 2 | 1 1 . Scrap Searched 1 | . . 1 Spaces Dug 6 | . 6 . Terrain Destroyed 41 | . 23 18 Melee . | . . . Projectile 6 | . 6 . AOE 35 | . 17 18 Terrain Rammed . | . . . Walls Destroyed . | . . . Machines Disabled . | . . . Actions | -11 -10 -10 --------- Run | Yrd Mat Min Total 563 | 131 317 115 Wait 24 | 10 13 1 Move 433 | 93 259 81 Hop . | . . . Pick Up 19 | 6 8 5 Fast Attach 12 | 8 4 . Attach 6 | 1 1 4 Detach 1 | 1 . . Swap 15 | 3 8 4 Drop 15 | 3 7 5 Fire 38 | 6 17 15 Melee . | . . . Ram . | . . . Kick . | . . . Crush . | . . . Escape Stasis . | . . . Rewire . | . . . Trap . | . . . Miscellaneous . | . . . Route ------- -11/Scrapyard -10/Materials (discovered 2 exits: [*Mat] / [*Min]) -10/Mines History --------- Turn | Location | Event 2 | -11/Scrapyard | Met Revision 17 78 | -11/Scrapyard | Discovered new exit (range 8) 155 | -11/Scrapyard | Entered Materials 304 | -10/Materials | Discovered new exit (range 11) 356 | -10/Materials | Build established: Mutant 405 | -10/Materials | Discovered new exit (range 9) 565 | -10/Materials | Entered Mines 650 | -10/Mines | Found a damaged Exp. Sensor Array with a note attached 655 | -10/Mines | Found Prototype Device 656 | -10/Mines | Identified Exp. Sensor Array 673 | -10/Mines | YI-UF0 nonchalantly dropped a Grenade Launcher on the ground 719 | -10/Mines | Core integrity fell below 50% 731 | -10/Mines | Core integrity fell below 20% 736 | -10/Mines | Destroyed by YI-UF0 with YI-UF0's Doublenader Last Messages --------------- 00714_ The unstable cave ceiling collapses. 00717_ U-05 Engineer lays Concrete. 00718_ Assault Rifle destroyed. 00718_ Aluminum Leg destroyed. 00718_ Lgt. Cannon destroyed. 00718_ Aluminum Leg destroyed. 00719_ U-05 Engineer lays Concrete. 00721_ The unstable cave ceiling collapses. 00722_ U-05 Engineer builds a Wall. 00723_ The unstable cave ceiling collapses. 00724_ Destroyed Shock Absorption System. 00724_ U-05 Engineer destroyed. 00725_ The unstable cave ceiling collapses. 00728_ Aluminum Leg destroyed. 00729_ The unstable cave ceiling collapses. 00730_ K-01 Serf collects debris. 00732_ Grenade Launcher destroyed. 00733_ YI-UF0 mumbles something. 00733_ The unstable cave ceiling collapses. [Achievement: First Step to Greatness] Map ----- +----------------------------------------------------+ | ???????????????????????????## """" #?### #??? | | ????????????????????????????## """" ##### #??? | | ?????????????????????????????## """" #??? | | ??????????????????????????????## #?## | | ???????????????????????????????## ######### | | ????????????????????????????????## #??????# | | ?????????????????????????????????# ##??#### | | ?????????????????????????????????# ###??## | | ?????????????????????????????????# ###### | | ?????????????????????????????????# | | ?????????????????????????????????# | | ?????????????????????????????????######### ## | | ?????????????????????????????????????????# #?? | | ?????????????????????????????????????????# #??? | | ????????????????###?????########????###??# #????? | | ????????????????? ???## ???? #??# #????? | | ??????????????????# #### ?????# #??# #????? | | ??????????????????# k t ?????# #??# #????? | | ???????????????????? ?????## ##?# #????? | | ?????????????????????# ####### ### ##### | | ?????????????????????# # # | | ?????????????????????# =###### | | ??????????????????#### ######????? | | ??????????????????# # #?????????? | | ??????????????????# g #?????????? | | ??????????? # @ #?????????? | | ???????????? # #?????????? | | ???????????? #?????????? | | ??????????? ## # ???????? | | ???????????#?????## # # # ##### ####??????? | | ??????????????????# ## # #########???? #?????????? | | ??????????????????#??####????????????? #?????????? | | ?????????????????????????????????????? #?????????? | | ?????????????????????????????????????? #?????????? | | ??????????????????????????????????????##?????????? | | ?????????????????????????????????????????????????? | | ?????????????????????????????????????????????????? | | ?????????????????????????????????????????????????? | | ?????????????????????????????????????????????????? | | ?????????????????????????????????????????????????? | | ?????????????????????????????????????????????????? | | ?????????????????????????????????????????????????? | | ?????????????????????????????????????????????????? | | ?????????????????????????????????????????????????? | | ?????????????????????????????????????????????????? | | ?????????????????????????????????????????????????? | | ?????????????????????????????????????????????????? | | ?????????????????????????????????????????????????? | | ?????????????????????????????????????????????????? | | ?????????????????????????????????????????????????? | +----------------------------------------------------+ Best States ------------- Heat Dissipation 35 Energy Generation 10 Energy Capacity 250 Matter Stores 300 Matter Capacity 300 Sight Range 16 Terrain Scan Range 16 Terrain Scan Density 10 Evasion (%) 55 Targeting Accuracy 5 Item Schematics ----------------- None Robot Schematics ------------------ None Fabricated ------------ Nothing Repaired ---------- Nothing Alien Tech Used ----------------- None Achievements -------------- First Step to Greatness Risk Taker True Hacker Challenges ------------ None Game ------ Seed MobileCannonPrototype Manual? 0 Play Time 00:14:09 Cumulative 0.2 hours Start 2025.07.03 @ 20:05:56 End 2025.07.03 @ 20:20:24 Sessions 1 Manual Loads 0 Difficulty Rogue Special Mode None Game No. 1 Rogue 1 Adventurer 0 Explorer 0 Win Type - Total 0 Types 0/0/0/0/0/0/0/0/0/0 Lore% 0 Gallery% 1 Achievement% 1 Wizard Run 0 Options --------- Layout 1 ASCII 0 Keyboard 0 Movement Mouse Keybinds 0 Fullscreen 1 Font 24/Smallcaps Map View 50x35 Zoom Use 0% Tactical HUD 1 Map Filters NONE Filters NONE Steam 1 RUN: e6997136-72f1-46cc-a677-40c2b0914358